 Dungeon Crawl Stone Soup version bcrawl-1.21.3-16-g7f46a08de7 (webtiles) character file.

Game seed: 2385767591890398374

335 Anathary the Shield-Bearer (level 6, -1/42 HPs)
             Began as a Fairy Fighter on May 4, 2020.
             Was an Initiate of Cheibriados.
             Slain by a sky beast (6 damage)
             ... on level 4 of the Dungeon.
             The game lasted 00:08:24 (2929 turns).

Anathary the Shield-Bearer (Fairy Fighter)          Turns: 2929, Time: 00:08:25

Health: -1/42      AC:  5    Str: 16    XL:     6   Next: 53%
Magic:  8/8        EV: 16    Int: 15    God:    Cheibriados [......]
Gold:   308        SH: 16    Dex: 14    Spells: 5/5 levels left

rFire    . . .     SeeInvis .   a - +1 rapier
rCold    . . .     Gourm    .   b - +1 medium shield
rNeg     . . .     Faith    .   (armour unavailable)
rPois    .         Spirit   .   (no helmet)
rElec    .         Reflect  .   (no cloak)
rCorr    +         Harm     .   (no gloves)
MR       .....                  (no boots)
Stlth    ..........             (no amulet)
HPRegen  0.14/turn              n - +3 ring of intelligence
MPRegen  0.11/turn              f - ring of resist corrosion

@: flying evasively, very slow
A: small, magic attunement, unstealthy, unfitting armour, able to fly, AC/SH +5
a: Stop Flying, Bend Time, Renounce Religion


You were on level 4 of the Dungeon.
You worshipped Cheibriados.
Cheibriados was noncommittal.
You were not hungry.

You visited 2 branches of the dungeon, and saw 5 of its levels.

You collected 308 gold pieces.

Inventory:

Hand Weapons
 a - a +1 rapier (weapon)
Armour
 b - a +1 medium shield (worn)
Jewellery
 f - a ring of resist corrosion (right hand)
 n - a +3 ring of intelligence (left hand)
 o - an uncursed ring of flight
 y - a cursed ring of attention {unknown}
Scrolls
 g - a scroll of fear
 i - a scroll of identify
 l - a scroll of amnesia
 u - a scroll of teleportation
Potions
 c - a potion of might
 d - 4 potions of ambrosia
 h - 2 potions of heal wounds {unknown}
 j - a potion of flight
 k - a potion of lignification
 q - 2 potions of brilliance
 v - a potion of berserk rage
 w - a potion of haste
Comestibles
 e - 2 rations {!d}


   Skills:
 + Level 3.5 Fighting
 + Level 4.1 Short Blades
 + Level 5.1 Dodging
 + Level 0.4 Stealth
 + Level 5.7 Shields


You had 5 spell levels left.
You didn't know any spells.
Your spell library contained the following spells:

 Spells                   Type           Power        Failure   Level  Hunger
 Bolt of Magma            Conj/Fire/Erth #.........   100%        5    None
 Fireball                 Conj/Fire      #.........   100%        5    None
 Bolt of Fire             Conj/Fire      #.........   100%        6    None
 Steam Barrier            Chrm/Fire      #.........   100%        6    None
 Ignition                 Fire           #.........   100%        8    None


Dungeon Overview and Level Annotations

Branches:
Dungeon (4/12)             Temple (1/1) D:4

Altars:
Ashenzari
Cheibriados
Dithmenos
Elyvilon
Fedhas
Gozag
Kikubaaqudgha
Lugonu
Makhleb
Nemelex Xobeh
Ru
Trog
Uskayaw
Vehumet
Wu Jian
Xom
Zin


Innate Abilities, Weirdness & Mutations

Your spells do not cause hunger and MP costs are reduced by 1.
Your bright wings attract enemies. (Stealth-)
You cannot fit into any form of body armour.
Your shimmering scales are hard and can block incoming attacks. (AC +5, SH +5)
You are small and have problems with some larger weapons.
You can fly continuously.


Message History

You hit something but do no damage. You block something's attack.
You closely miss something. Something hits you but does no damage.
You closely miss something. Something hits you. Something shocks you.
You hit something but do no damage. You block the quokka's attack.
Something hits you but does no damage. You block the quokka's attack.
You barely miss something. Something closely misses you.
You block the quokka's attack.
You miss something. Something hits you but does no damage.
You block the quokka's attack.
You closely miss something. Something hits you. Something shocks you.
You block the quokka's attack. Something hits you.
* * * LOW HITPOINT WARNING * * *
Something shocks you.
* * * LOW HITPOINT WARNING * * *
You barely miss something. You block the quokka's attack.
You block something's attack. The quokka misses you.
You miss something. You block the quokka's attack. Something hits you.
* * * LOW HITPOINT WARNING * * *
Something shocks you.
You die...

******,***
*#....###)...#,,,, *,*
##,,#...#...#......
*********,*
##.,,,#.....#.......
*,,,,,,,,,*
#..#####.>.#####...#
*,*********
*#....#.....#......# *,*
#######..#...#...#..##.#
*,*
#...........###.^.......
*,*
#.......r..#.#.#..##....
*,*
#......@{....#...##*,,.*
*,* #............#...#
**,,, *,*
#..........#.....# *,,*
,,* ####.............#
*,,, *** #######.#.#.###
*,,* *,,...#.#.#*****,,*
*,#####.#..,,,,,,>, *,*
#.####******* *,*
#.#,,,,,,,,,,


You could see a quokka.

Vanquished Creatures
  A sky beast (Temple)
  A phantom (D:3)
  A jelly (D:4)
  A worker ant zombie (D:4)
  2 adders (D:3)
  4 gnolls
  2 oozes
  2 worms
  A dart slug (D:1)
  4 leopard geckos
  An orc (D:4)
  2 giant cockroaches
  3 goblins
  9 hobgoblins
  A jackal (D:1)
  5 bats
  2 frilled lizards
  2 kobolds
  6 rats
50 creatures vanquished.

Notes
Turn   | Place    | Note
-------+----------+-------------------------------------------
     0 | D:1      | Anathary the Fairy Fighter began the quest for the Orb.
     0 | D:1      | Reached XP level 1. HP: 15/15 MP: 3/3
   208 | D:1      | Reached XP level 2. HP: 12/20 MP: 4/4
   853 | D:2      | Found a shattered altar of Ashenzari.
   967 | D:2      | Reached XP level 3. HP: 26/26 MP: 5/5
   985 | D:2      | Found a blossoming altar of Fedhas.
  1086 | D:2      | Found a sparkling altar of Nemelex Xobeh.
  1315 | D:2      | Reached XP level 4. HP: 22/31 MP: 6/6
  1844 | D:3      | Noticed a phantom
  1920 | D:3      | Killed a phantom
  1920 | D:3      | Reached skill level 5 in Shields
  1920 | D:3      | Reached XP level 5. HP: 22/36 MP: 7/7
  2086 | D:3      | Found a white marble altar of Elyvilon.
  2273 | D:3      | Found a radiant altar of Vehumet.
  2640 | D:4      | Found a staircase to the Ecumenical Temple.
  2640 | D:4      | Noticed a sky beast
  2651 | Temple   | Entered the Ecumenical Temple
  2659 | Temple   | Killed a sky beast
  2659 | Temple   | Reached skill level 5 in Dodging
  2659 | Temple   | Reached XP level 6. HP: 28/42 MP: 8/8
  2813 | Temple   | Became a worshipper of Cheibriados the Contemplative
  2913 | D:4      | Noticed a sky beast
  2929 | D:4      | Slain by a sky beast

Skill      XL: |  1  2  3  4  5 |
---------------+----------------+-----
Shields        | 4 5 |  5.7
Fighting       | 3 |  3.5
Short Blades   | 3 4 |  4.1
Dodging        | 5 |  5.1
Stealth        | |  0.4

Action                   |  1- 3 |  4- 6 || total
-------------------------+-------+-------++-------
Melee: Rapier            |   113 |   166 ||   279
  Use: Scroll            |       |    16 ||    16
  Eat: Ration            |     1 |     1 ||     2
Armor: Skin              |     8 |    21 ||    29
Dodge: Dodged            |    48 |    50 ||    98
Block: Medium shield     |    98 |   113 ||   211
